 Dungeon Crawl Stone Soup version 0.29.0-4-gdea44cf6ec (webtiles) character file.

Game seed: 4372964275530446900

53 qw the Chopper (level 3, -1/21 HPs)
             Began as a Tengu Warper on Aug 28, 2022.
             Slain by a hobgoblin (4 damage)
             ... led by Robin
             ... on level 2 of the Dungeon.
             The game lasted 00:00:07 (1363 turns).

qw the Chopper (Tengu Warper)                       Turns: 1363, Time: 00:00:07

Health: -1/21      AC:  3    Str: 21    XL:     3   Next: 87%
Magic:  7/7        EV: 11    Int: 11    God:
Gold:   56         SH:  0    Dex:  9    Spells: 6/6 levels left

rFire   . . .      SeeInvis .   Y - +0 hand axe
rCold   . . .      Faith    .   (no shield)
rNeg    . . .      Spirit   .   b - +0 leather armour
rPois   .          Reflect  .   (helmet restricted)
rElec   .          Harm     .   (no cloak)
rCorr   .          Rampage  .   (no gloves)
Will    .....                   (boots unavailable)
Stlth   +.........              (no amulet)
HPRegen 0.07/turn               (no ring)
MPRegen 0.10/turn               (no ring)

@: no status effects
A: beak, talons 3, clumsy 1, strong 2
a: no special abilities


You were on level 2 of the Dungeon.
You visited 1 branch of the dungeon, and saw 2 of its levels.

You collected 56 gold pieces.


Innate Abilities, Weirdness & Mutations

You have a beak for a mouth.
You have claws for feet.
You are clumsy. (Dex -2)
Your muscles are very strong. (Str +8, Int/Dex -2)


   Skills:
 - Level 2.0 Fighting
 + Level 4.5 Axes
 - Level 1.0 Throwing
 - Level 1.1 Armour
 - Level 2.1 Dodging
 - Level 2.0 Spellcasting
 - Level 2.4 Translocations


You had 6 spell levels left.
You didn't know any spells.
Your spell library contained the following spells:

 Spells                   Type           Power      Damage    Failure   Level
 Blink                    Tloc           12%        N/A       19%         2
 Gell's Gravitas          Tloc           6%         N/A       36%         3
 Lesser Beckoning         Tloc           6%         N/A       36%         3
 Teleport Other           Tloc           6%         N/A       36%         3
 Manifold Assault         Tloc           6%         N/A       98%         5

Inventory:

Hand Weapons
 e - a +0 whip
 Y - a +0 hand axe (weapon)
Armour
 b - a +0 leather armour (worn)
Potions
 f - a potion of mutation
 h - a potion of curing
 j - a potion of heal wounds {unknown}

Dungeon Overview and Level Annotations

Branches:
Dungeon (2/15)

Altars:


Message History

The goblin hits you with a +0 dagger.
You hit the goblin. You claw the goblin.
You kill the goblin!
Robin throws the goblin at you! The goblin hits you but does no damage.
You closely miss the goblin. You peck the goblin.
The goblin is severely wounded.
You hit the goblin.
You kill the goblin!
A goblin comes into view. It is wielding a +0 club.
The goblin barely misses you.
You barely miss the goblin.
The goblin is severely wounded.
The goblin shouts!
The hobgoblin no longer looks unusually strong.
Robin misses you. The goblin hits you but does no damage.
You completely miss the goblin. You claw the goblin.
You kill the goblin!
Robin throws the goblin at you!
You closely miss the goblin. You claw the goblin.
You kill the goblin!
Robin hits you but does no damage.
A hobgoblin comes into view.
A gnoll comes into view. It is wielding a +0 whip.
Robin says, "My army is invincible!"
Robin hits you with a +0 spear.
Items here: %%% ))))).
The gnoll shouts!
You hit Robin. Your kick misses Robin.
Robin is lightly wounded.
Robin hits you with a +0 spear.
You slash Robin! You claw Robin. You peck Robin.
You kill Robin!
A gnoll comes into view. It is wielding a +0 spear.
1361 ||| Stepping ~*~*~tactically~*~*~ (stealth).
You hit the hobgoblin. You claw the hobgoblin.
You kill the hobgoblin!
The hobgoblin hits you.
You hit the hobgoblin but do no damage. The hobgoblin hits you.
You die... #g #. #gg

#.. #g.# ...
#.#.######
#...gg@).#
#...####.###
#..........#########
#..#####...........#
.... ###.#######.#
..... #.# #.# ..$..
#.# ###.### .....
..# #.....# ###
#.....#


You could see a gnoll and a hobgoblin.

Vanquished Creatures
  Robin (D:2)
  3 bats
  2 endoplasms (D:1)
  A giant cockroach (D:1)
  3 hobgoblins (D:2)
  3 jackals (D:1)
  3 kobolds (D:1)
  2 quokkas (D:1)
  5 ball pythons
  10 goblins
  2 rats
35 creatures vanquished.

Notes
Turn   | Place    | Note
-------+----------+-------------------------------------------
     0 | D:1      | qw the Tengu Warper began the quest for the Orb.
     0 | D:1      | Reached XP level 1. HP: 12/12 MP: 4/4
     0 | D:1      | 0 ||| qw: Version: 0.1-a-89-g26bdef1
     0 | D:1      | 0 ||| qw: Game counter: 740
     0 | D:1      | 0 ||| qw: Always use a shield: true
     0 | D:1      | 0 ||| qw: God list: Okawaru
     0 | D:1      | 0 ||| qw: Allow faded altars: false
     0 | D:1      | 0 ||| qw: Do Orc after D:15 true
     0 | D:1      | 0 ||| qw: Do second Lair branch before Depths: true
     0 | D:1      | 0 ||| qw: Lair rune preference: random
     0 | D:1      | 0 ||| qw: Plans: Normal
     0 | D:1      | 0 ||| PLANNING D:1-11
   195 | D:1      | 195 ||| Stepping ~*~*~tactically~*~*~ (stealth).
   231 | D:1      | 231 ||| Stepping ~*~*~tactically~*~*~ (stealth).
   282 | D:1      | Reached XP level 2. HP: 17/17 MP: 6/6
   311 | D:1      | Reached skill level 3 in Axes
   670 | D:1      | 670 ||| Stepping ~*~*~tactically~*~*~ (stealth).
   671 | D:1      | 671 ||| Stepping ~*~*~tactically~*~*~ (stealth).
   974 | D:1      | Reached XP level 3. HP: 19/21 MP: 7/7
  1205 | D:1      | 1205 ||| READING scroll labelled PODO GIGGYETA.
  1206 | D:1      | 1206 ||| READING scroll labelled KEDGHA YSINORAO.
  1207 | D:1      | 1207 ||| READING scroll labelled OGI HAGYADUIDGH.
  1208 | D:1      | 1208 ||| DRINKING 2 metallic sapphire potions.
  1208 | D:1      | Gained mutation: Your muscles are strong. (Str +4, Int/Dex
                  | -1) [potion of mutation]
  1208 | D:1      | Gained mutation: You are clumsy. (Dex -2) [potion of
                  | mutation]
  1208 | D:1      | Gained mutation: Your muscles are very strong. (Str +8,
                  | Int/Dex -2) [potion of mutation]
  1209 | D:1      | 1209 ||| DRINKING 2 grey potions.
  1210 | D:1      | 1210 ||| DROPPING scroll of blinking.
  1338 | D:2      | Noticed Robin
  1340 | D:2      | 1340 ||| Stepping ~*~*~tactically~*~*~ (hiding).
  1345 | D:2      | 1345 ||| Stepping ~*~*~tactically~*~*~ (stealth).
  1348 | D:2      | Reached skill level 4 in Axes
  1359 | D:2      | HP: 4/21 [Robin/+0 spear (6)]
  1360 | D:2      | Killed Robin
  1361 | D:2      | 1361 ||| Stepping ~*~*~tactically~*~*~ (stealth).
  1363 | D:2      | Slain by a hobgoblin

Levels and vault maps discovered:
D:1:      eino_arrival_druids_welcome, layout_basic
D:2:      layout_loops_ring, uniq_robin

Skill      XL: |  1  2  3 |
---------------+----------+-----
Axes           | 3 4 |  4.5
Fighting       | |  2.0
Throwing       | |  1.0
Armour         | |  1.1
Dodging        | |  2.1
Spellcasting   | |  2.0
Translocations | |  2.4

Action                   || total
-------------------------++-------
Melee: Hand axe          ||    84
       Kick              ||    22
       Peck              ||     8
Throw: Boomerang         ||     7
  Use: Scroll            ||     3
       Potion            ||     2
Armor: Leather armour    ||    24
Dodge: Dodged            ||    49

Table legend:
 A = Non-vault XP
 B = Vault XP
 C = Vault XP percentage of total XP
 D = Non-vault monster count
 E = Vault monster count
 F = Vault count percentage of total count
                 A         B        C        D         E       F
            +---------+---------+-------+---------+---------+-------
      Total |      42 |      34 |  44.7 |      25 |      10 |  28.6
            +---------+---------+-------+---------+---------+-------
        D:1 |      35 |       0 |   0.0 |      21 |       0 |   0.0
        D:2 |       7 |      34 |  82.9 |       4 |      10 |  71.4
            +---------+---------+-------+---------+---------+-------
